 Dungeon Crawl Stone Soup version 0.28-a0-863-g8cecda6153 (webtiles) character file.

Game seed: 3751811944435321491

84 kae the Ruffian (level 4, -2/36 HPs)
             Began as a Draconian Transmuter on Nov 18, 2021.
             Slain by a black bear (8 damage)
             ... on level 3 of the Dungeon.
             The game lasted 00:00:55 (2741 turns).

kae the Ruffian (Draconian Transmuter)              Turns: 2741, Time: 00:00:55

Health: -2/36      AC:  5    Str: 12    XL:     4   Next: 24%
Magic:  3/7        EV: 12    Int: 15    God:
Gold:   43         SH:  0    Dex: 11    Spells: 3/7 levels left

rFire   . . .      SeeInvis .     - Unarmed
rCold   . . .      Faith    .   (no shield)
rNeg    . . .      Spirit   .   (armour unavailable)
rPois   .          Reflect  .   (helmet currently unavailable)
rElec   .          Harm     .   (no cloak)
rCorr   .          Rampage  .   (no gloves)
Will    .....                   (boots currently unavailable)
Stlth   +.........              (no amulet)
HPRegen 0.12/turn               (no ring)
MPRegen 0.10/turn               (no ring)

@: lethally poisoned (-2 -> -6), appendages, very slightly contaminated
A: horns 2, talons 2, AC +5, unfitting armour, cold-blooded
a: End Transformation


You were on level 3 of the Dungeon.
You had temporarily grown beastly horns and talons.
You visited 1 branch of the dungeon, and saw 3 of its levels.

You collected 43 gold pieces.

Inventory:

Jewellery
 h - an amulet of regeneration
Scrolls
 a - 2 scrolls of fog {unknown}
 d - a scroll of magic mapping {unknown}
 e - a scroll of teleportation {unknown}
Potions
 b - 2 potions of berserk rage {unknown}
 c - a potion of curing {unknown}
 f - a potion of haste {unknown}
 g - a potion of degeneration {unknown}
 i - a potion of resistance {unknown}


   Skills:
 + Level 2.0 Fighting
 + Level 2.1 Dodging
 * Level 3.7 Unarmed Combat
 + Level 2.4 Spellcasting
 * Level 2.5 Transmutations
 * Level 0.9 Poison Magic


You had 3 spell levels left.
You knew the following spells:

 Your Spells              Type           Power      Damage    Failure   Level
a - Beastly Appendage     Tmut           18%        N/A       8%          1
b - Spider Form           Tmut/Pois      7%         N/A       30%         3

Your spell library contained the following spells:

 Spells                   Type           Power      Damage    Failure   Level
 Wereblood                Tmut           9%         N/A       12%         2
 Dazzling Flash           Conj/Hex       2%         N/A       54%         3
 Gell's Gravitas          Tloc           1%         N/A       54%         3
 Lesser Beckoning         Tloc           1%         N/A       54%         3
 Teleport Other           Tloc           1%         N/A       54%         3
 Ice Form                 Ice/Tmut       5%         N/A       77%         4
 Iskenderun's Mystic Bla  Conj/Tloc      1%         2d3       91%         4
 Starburst                Conj/Fire      0%         6d3       100%        6


Dungeon Overview and Level Annotations

Branches:
Dungeon (3/15)

Altars:


Innate Abilities, Weirdness & Mutations

You have temporarily grown beastly horns and talons.
Your plain brown scales are hard. (AC +5)
You cannot fit into any form of body armour.
You are cold-blooded and may be slowed by cold attacks.


Message History

The black bear barely misses you.
A black bear is nearby!
A black bear is nearby!
You closely miss the black bear. You claw the black bear.
The black bear is heavily wounded.
The black bear closely misses you.
The black bear claws you but does no damage.
The black bear claws you.
You hit the black bear.
The black bear is heavily wounded.
The black bear bites you but does no damage.
The black bear barely misses you.
The black bear claws you but does no damage.
A black bear is nearby!
You hit the black bear.
You claw the black bear, but do no damage.
The black bear is severely wounded.
The black bear goes berserk!
You closely miss the black bear.
You claw the black bear, but do no damage.
You headbutt the black bear, but do no damage.
You tail-slap the black bear, but do no damage.
The black bear is severely wounded.
The black bear bites you. The black bear claws you.
The black bear claws you but does no damage.
The black bear bites you. The black bear claws you. x2
You are too injured to fight recklessly!
You are too injured to fight recklessly!
Casting: Beastly Appendage (safe; 8% risk of failure)
Confirm with . or Enter, or press ? or * to list all spells.
The spell is quite dangerous to cast (30% risk of failure)!
Continue anyway? [Y]es or [N]o only, please.
The spell is quite dangerous to cast (30% risk of failure)!
Continue anyway?
You miscast Spider Form.
You are very lightly contaminated with residual magic.
You feel rather nauseous for a moment!
You are poisoned.
* * * LOW HITPOINT WARNING * * *
You feel sick. The black bear bites you!
You die...

#.###########
##.#.........# #
##..#... ..... ##
##...#.. ... .##
##.8....###h#
..#####.....#...@.#
...............####
................#####
......####.##.#.....#
...# ###..##.#####.#
...# #...###.# ...#
#.### ..# ...####.#
#.## ...#....###..#


You could see a black bear (berserk).

Vanquished Creatures
  2 adders (D:2)
  3 orcs (D:3)
  7 ball pythons
  4 bats
  2 endoplasms (D:1)
  3 giant cockroaches
  10 goblins
  7 hobgoblins
  5 jackals (D:1)
  A quokka (D:2)
  A frilled lizard (D:2)
  7 kobolds
  3 rats
55 creatures vanquished.

Notes
Turn   | Place    | Note
-------+----------+-------------------------------------------
     0 | D:1      | kae the Draconian Transmuter began the quest for the Orb.
     0 | D:1      | Reached XP level 1. HP: 16/16 MP: 3/3
   235 | D:1      | Reached XP level 2. HP: 19/23 MP: 3/5
   794 | D:1      | Reached XP level 3. HP: 27/28 MP: 4/6
   798 | D:1      | Learned a level 3 spell: Spider Form
  1871 | D:2      | Reached XP level 4. HP: 8/36 MP: 5/7
  2732 | D:3      | Noticed a black bear
  2741 | D:3      | Slain by a black bear

Illustrated notes

Levels and vault maps discovered:
D:1:      minmay_arrival_jagged, layout_loops_ring
D:2:      layout_rooms, serial_bayou_pond_d
D:3:      layout_rooms, nicolae_overflow_ecumenical_swirl,
          nzn_wu_jian_council_hall

Skill      XL: |  1  2  3  4 |
---------------+-------------+-----
Dodging        | 2 |  2.1
Fighting       | 2 |  2.0
Unarmed Combat | |  3.7
Spellcasting   | |  2.4
Transmutations | |  2.5
Poison Magic   | |  0.9

Action                   |  1- 3 |  4- 6 || total
-------------------------+-------+-------++-------
Melee: Unarmed           |   123 |    31 ||   154
       Kick              |    17 |     6 ||    23
       Headbutt          |     9 |     4 ||    13
       Tailslap          |     8 |     2 ||    10
       Punch             |     1 |       ||     1
 Cast: Beastly Appendage |    25 |     9 ||    34
 Stab: Sleeping          |     1 |       ||     1
Armor: Skin              |    40 |    12 ||    52
Dodge: Dodged            |    89 |    19 ||   108

Table legend: (Time is in decaauts)
 A = Elapsed time spent in this place.
 B = Non-inter-level travel time spent in this place.
 C = Inter-level travel time spent in this place.
 D = Time resting spent in this place.
 E = Time spent auto-exploring this place.
 F = Levels seen in this place.
 G = Mean time per level.
                   A        B        C        D        E       F      G
               +--------+--------+--------+--------+--------+-----+--------+
         Total |   2731 |   2690 |     41 |      0 |   2302 |   3 |  910.3 |
       Dungeon |   2731 |   2690 |     41 |      0 |   2302 |   3 |  910.3 |
               +--------+--------+--------+--------+--------+-----+--------+

Top non-repeatable levels by time:
     D:1: 1195 daAuts
     D:2: 1090 daAuts
     D:3: 446 daAuts
